Map: Lerilak Crest

Players

Wordix

  • Race: Terran Terran
  • League: Grandmaster

imre - Winner!

  • Race: Terran Terran
  • League: Master

VOD

Have the link to the VOD?

Description

Time

  • Played on: Jan. 18, 2016, 10:21 a.m.
  • Length: 10:26
Show
View Real Time Build Order
Export as new Build Order

Wordix Terran 

Build Orders: Reaper Expand, MMM Bio 

Get SALT Encoding   

  12  0:00  SCV  
  13  0:12  SCV  
  14  0:17  Supply Depot  
  14  0:25  SCV  
  15  0:39  SCV  
  15  0:41  Barracks  
  16  0:45  Refinery  
  16  0:51  SCV  
  17  1:03  SCV  
  18  1:15  SCV  
  19  1:29  Orbital Command  
  19  1:30  Reaper  
  20  1:46  Command Center  
  20  1:55  Supply Depot  
  20  1:58  SCV  
  20  2:11  Factory, Marine  
  20  2:13  SCV  
  22  2:25  SCV  
  22  2:29  Marine  
  24  2:35  Refinery  
  24  2:37  SCV  
  25  2:47  Marine  
  25  2:49  SCV  
  27  2:57  Hellion  
  30  2:58  SCV  
  30  3:00  Starport  
  30  3:06  Marine  
  30  3:09  SCV  
  30  3:10  Orbital Command  
  31  3:21  SCV  
  31  3:22  Widow Mine  
  31  3:24  Marine  
  35  3:33  SCV, Engineering Bay  
  35  3:38  SCV  
  36  3:42  Marine  
  36  3:43  Viking  
  39  3:53  Factory Tech Lab, Orbital Command  
  39  4:02  Missile Turret  
  39  4:04  Missile Turret  
  39  4:06  Barracks Tech Lab  
  39  4:09  SCV  
  40  4:15  Cyclone  
  43  4:21  SCV x2  
  45  4:33  SCV  
  45  4:36  Stimpack  
  46  4:42  Marine  
  46  4:49  Supply Depot x2  
  46  5:00  Starport Reactor  
  46  5:10  SCV x2, Siege Tank  
  46  5:13  Barracks  
  51  5:14  Refinery, Barracks  
  51  5:16  Refinery  
  51  5:22  SCV  
  51  5:23  SCV  
  51  5:24  Marine  
  54  5:35  Barracks  
  54  5:36  SCV x2  
  54  5:37  Barracks  
  54  5:42  Terran Infantry Weapons Level 1  
  54  6:01  Medivac x2  
  58  6:04  SCV  
  59  6:12  SCV  
  59  6:14  Barracks Reactor, Marine  
  59  6:15  Barracks Reactor  
  59  6:18  SCV  
  62  6:24  SCV  
  52  6:30  SCV  
  42  6:36  SCV  
  43  6:42  SCV  
  43  6:44  Barracks Reactor x2  
  44  6:47  Combat Shields  
  44  6:48  SCV  
  44  6:49  Siege Tank  
  44  6:51  Liberator  
  48  6:54  SCV  
  48  6:56  Marine  
  48  6:57  Marine x2  
  48  6:58  Marine  
  48  7:00  SCV  
  54  7:07  Marine  
  55  7:11  SCV  
  55  7:12  SCV  
  55  7:15  Marine x2  
  62  7:28  Supply Depot  
  62  7:31  Supply Depot, Marine x5  
  67  7:44  Marine x3  
  67  7:49  Marine  
  67  7:50  SCV x2  
  73  7:51  Marine x2  
  73  7:53  Marine x2  
  77  8:00  Marine  
  77  8:02  SCV, Marine  
  77  8:04  Marine  
  78  8:07  Medivac, Siege Tank, Marine  
  78  8:12  Marine x3  
  86  8:18  Supply Depot  
  86  8:39  Marine x7  
  94  8:44  Medivac  
  94  8:45  Medivac  
  89  8:53  Siege Tank  
  89  8:55  Barracks Reactor  
  87  8:57  Marine x6  
  87  8:59  Supply Depot  
  87  9:01  Missile Turret x2  
  90  9:04  Liberator x2  
  90  9:05  Marine  
  91  9:12  Command Center  
  91  9:15  Marine  
  92  9:20  Marine x2  
  92  9:21  Marine x2  
  102  9:34  Supply Depot, Siege Tank, Marine x3  
  108  9:38  Supply Depot  
  108  9:49  Factory  
  108  10:03  Marine x3  
  108  10:04  Marine x6  
Show
View Real Time Build Order
Export as new Build Order

imre Terran - Winner!

Build Orders: 1/1/1, Bio Tank, Banshee Rush 

Get SALT Encoding   

  12  0:00  SCV  
  13  0:13  SCV  
  14  0:17  Supply Depot  
  14  0:25  SCV  
  15  0:29  Refinery  
  15  0:39  SCV  
  16  0:45  Barracks  
  16  0:51  SCV  
  16  0:56  Refinery  
  17  1:03  SCV  
  18  1:15  SCV  
  19  1:33  Reaper, Orbital Command  
  19  1:38  Factory  
  20  1:52  Supply Depot  
  20  1:59  SCV  
  21  2:05  Reaper  
  22  2:11  SCV  
  23  2:21  Hellion  
  25  2:23  SCV  
  25  2:27  Starport  
  26  2:35  Supply Depot, SCV  
  27  2:39  Barracks Tech Lab  
  27  2:45  Hellion  
  29  2:51  SCV  
  30  3:03  SCV  
  31  3:08  Hellion  
  31  3:10  Cloaking Field  
  31  3:12  Banshee  
  33  3:23  SCV  
  33  3:25  Barracks Reactor  
  34  3:36  Factory Tech Lab  
  34  3:37  SCV  
  35  3:42  Command Center  
  35  3:49  Supply Depot  
  35  3:52  SCV  
  36  4:00  Banshee  
  39  4:11  SCV, Marine x2  
  39  4:12  Supply Depot  
  42  4:21  Siege Tank  
  42  4:23  SCV  
  46  4:37  Marine x2  
  48  4:51  Banshee  
  48  4:52  SCV  
  52  4:57  Marine x2  
  51  5:03  Barracks  
  51  5:04  SCV  
  52  5:08  Barracks  
  52  5:09  Siege Tank  
  55  5:16  SCV  
  56  5:23  Marine x2  
  56  5:25  Orbital Command  
  55  5:28  SCV  
  56  5:41  SCV  
  57  5:42  Engineering Bay  
  57  5:48  Starport Reactor  
  57  5:49  Siege Tank  
  60  5:52  SCV  
  60  5:53  SCV  
  60  5:55  Barracks Reactor x2  
  60  5:56  Stimpack  
  60  5:57  Refinery  
  62  5:59  Marine  
  62  6:03  Supply Depot  
  63  6:04  SCV  
  52  6:31  Marine x3  
  52  6:32  Marine x2  
  53  6:33  Siege Tank, Medivac  
  53  6:34  SCV x2  
  53  6:38  Refinery  
  53  6:39  Supply Depot  
  57  6:46  SCV  
  57  6:47  SCV  
  56  6:49  Terran Infantry Weapons Level 1, Marine  
  56  6:51  Barracks x2, Marine x4  
  61  6:57  Medivac  
  61  6:58  SCV  
  64  7:02  SCV  
  64  7:04  Supply Depot  
  64  7:07  Marine  
  66  7:09  Marine  
  66  7:10  Marine x3  
  66  7:12  Siege Tank  
  73  7:19  SCV  
  73  7:20  SCV  
  75  7:24  Marine, Medivac  
  75  7:25  Supply Depot  
  75  7:27  Marine  
  75  7:28  Marine  
  80  7:30  Medivac  
  80  7:32  SCV  
  83  7:40  Supply Depot, Marine  
  83  7:41  Marine  
  83  7:42  Barracks Reactor  
  83  7:43  Marine x2  
  87  7:48  Marine x2  
  87  7:49  Marine  
  90  7:56  Siege Tank  
  93  7:58  Marine x2  
  93  8:01  Marine  
  93  8:03  Marine  
  93  8:04  Medivac  
  89  8:06  Marine x2  
  89  8:08  Supply Depot  
  89  8:10  Marine  
  89  8:11  Medivac  
  94  8:15  Combat Shields  
  94  8:20  Marine  
  94  8:21  Marine x5  
  94  8:24  Marine  
  101  8:29  Marine x2  
  101  8:30  Siege Tank  
  101  8:32  Supply Depot  
  104  8:38  Marine x2  
  96  8:50  Marine x5  
  98  9:04  Marine x2  
  98  9:05  Marine x2  
  98  9:08  Siege Tank, Marine  
  98  9:09  Medivac  
  108  9:16  Supply Depot  
  108  9:22  Marine x5  
  108  9:23  Medivac  
  115  9:30  Marine x2  
  117  9:31  Supply Depot  
  117  9:35  Marine x2  
  119  9:40  Marine  
  119  9:41  Marine x2  
  122  9:56  Marine x2  
  124  10:07  Marine x7  
Tags
 
Add a new tag
Caveats
  • Supply blocks, unpowered buildings, or Contaminate may cause inaccurate times.
  • Supply counts are checked every 10 seconds.